[Event "TOP 12 Feminin 2023 Phase 1"]
[Site "MULHOUSE, France"]
[Date "2023.05.21"]
[Round "5.2"]
[White "BENMESBAH, Natacha"]
[Black "GAPONENKO, Inna"]
[Result "1/2-1/2"]
[ECO "B52"]
[WhiteElo "2261"]
[BlackElo "2338"]
[PlyCount "24"]
[EventDate "2023.??.??"]
[WhiteTeam "Clichy"]
[BlackTeam "Asnieres sur Seine"]
[TimeControl "90+30"]

1. e4 {129} c5 {5} 2. Nf3 {5} d6 {5} 3. Bb5+ {28} Bd7 {5} 4. Bxd7+ {7} Qxd7 {4}
5. O-O {26} Nf6 {19} 6. Re1 {87} Nc6 {10} 7. c3 {65} e6 {11} 8. d4 {9} cxd4 {5}
9. cxd4 {2} d5 {12} 10. e5 {31} Ne4 {4} 11. Nbd2 {31} Nxd2 {8} 12. Bxd2 {8} Bb4
{27} 1/2-1/2

[Event "TOP 12 Feminin 2023 Phase 1"]
[Site "MULHOUSE, France"]
[Date "2023.05.21"]
[Round "5.3"]
[White "IGLESIAS, Yosha"]
[Black "BROLY, Mathilde"]
[Result "1-0"]
[ECO "A48"]
[WhiteElo "2199"]
[BlackElo "2115"]
[PlyCount "97"]
[EventDate "2023.??.??"]
[WhiteTeam "Asnieres sur Seine"]
[BlackTeam "Clichy"]
[TimeControl "90+30"]

1. d4 {3} Nf6 {14} 2. Nf3 {7} g6 {11} 3. Bf4 {7} Bg7 {189} 4. c3 {8} c5 {139}
5. dxc5 {458} Nc6 {224} 6. Nbd2 {191} Nd5 {222} 7. Bg3 {170} O-O {146} 8. e4 {
117} Nf6 {51} 9. Bd3 {186} Nh5 {76} 10. O-O {46} Nxg3 {88} 11. hxg3 {99} Qc7 {
19} 12. Qe2 {314} Ne5 {446} 13. Nxe5 {0} Qxe5 {57} 14. Qe3 {0} d6 {522} 15. Nb3
{0} dxc5 {630} 16. Qxc5 {0} Bd7 {64} 17. f4 {227} Qxc5+ {300} 18. Nxc5 {8} Bc6
{7} 19. e5 {189} Rfd8 {277} 20. Be4 {97} Rd2 {208} 21. Bxc6 {58} bxc6 {7} 22.
Rf2 {451} Rad8 {115} 23. b4 {78} f6 {432} 24. exf6 {395} Bxf6 {96} 25. Ne4 {89}
R2d3 {26} 26. Rf3 {166} Rxf3 {195} 27. gxf3 {6} Rd3 {12} 28. Kf2 {179} Kf7 {635
} 29. Ke2 {43} Rd5 {7} 30. Rh1 {60} a5 {303} 31. Rxh7+ {268} Bg7 {6} 32. Rh1 {
58} axb4 {490} 33. cxb4 {16} Ke6 {7} 34. a4 {0} Kd7 {327} 35. Rd1 {0} Bd4 {61}
36. Nc5+ {0} Kd6 {229} 37. Nb3 {0} Bc3 {200} 38. Rxd5+ {0} Kxd5 {104} 39. b5 {0
} cxb5 {190} 40. axb5 {0} Bb4 {59} 41. Kd3 {0} Bd6 {79} 42. Nd2 {0} Bc7 {176}
43. Nc4 {0} Kc5 {375} 44. b6 {0} Bxb6 {80} 45. Nxb6 {0} Kxb6 {75} 46. Ke4 {0}
Kc6 {64} 47. f5 {42} gxf5+ {27} 48. Kxf5 {6} Kd7 {4} 49. g4 {15} 1-0

[Event "TOP 12 FEminin 2023 Phase 1"]
[Site "MULHOUSE, France"]
[Date "2023.05.21"]
[Round "5.4"]
[White "BONVALOT, Isabelle"]
[Black "MOINGT, Anne"]
[Result "0-1"]
[ECO "B22"]
[WhiteElo "1889"]
[BlackElo "2035"]
[PlyCount "95"]
[EventDate "2023.??.??"]
[WhiteTeam "Clichy"]
[BlackTeam "Asnieres sur Seine"]
[TimeControl "90+30"]

1. e4 {176} c5 {46} 2. c3 {53} d5 {11} 3. exd5 {6} Qxd5 {5} 4. d4 {4} Nf6 {13}
5. Na3 {36} e6 {210} 6. Nf3 {42} Nc6 {124} 7. Nc2 {503} Be7 {219} 8. h3 {20}
O-O {175} 9. Be3 {76} cxd4 {89} 10. Ncxd4 {7} Nxd4 {400} 11. Qxd4 {29} b6 {429}
12. Qxd5 {339} Nxd5 {5} 13. Bd4 {12} Bb7 {66} 14. Bc4 {487} Rac8 {97} 15. Bb3 {
145} Nf4 {117} 16. Rg1 {460} Rfd8 {599} 17. Bd1 {469} Nd3+ {60} 18. Kf1 {26}
Nxb2 {22} 19. Be2 {14} Nc4 {58} 20. g4 {107} Bxf3 {143} 21. Bxf3 {13} e5 {9}
22. Re1 {93} exd4 {158} 23. Rxe7 {7} dxc3 {331} 24. Kg2 {106} a5 {197} 25. Bb7
{155} Rc5 {151} 26. Ba6 {238} g6 {167} 27. Rc1 {289} c2 {255} 28. Bxc4 {257}
Rxc4 {6} 29. Re2 {3} Rdc8 {19} 30. Kf3 {102} b5 {133} 31. Re5 {49} R4c5 {215}
32. Rxc5 {77} Rxc5 {0} 33. Ke2 {5} Kf8 {73} 34. Kd2 {73} Ke7 {23} 35. Rxc2 {56}
Rxc2+ {8} 36. Kxc2 {3} Kd6 {9} 37. Kd3 {36} Kd5 {9} 38. g5 {372} b4 {238} 39.
h4 {23} a4 {22} 40. f3 {58} Ke5 {18} 41. Kc4 {28} b3 {15} 42. axb3 {5} axb3 {13
} 43. Kxb3 {2} Kf4 {4} 44. Kc4 {10} Kxf3 {6} 45. Kd4 {17} Kg4 {9} 46. Ke4 {28}
Kxh4 {22} 47. Kf4 {8} Kh5 {6} 48. Kg3 {38} 0-1

[Event "TOP 12 FEminin 2023 Phase 1"]
[Site "MULHOUSE, France"]
[Date "2023.05.21"]
[Round "5.5"]
[White "BULMAGA, Irina"]
[Black "SEBAG, Marie"]
[Result "1-0"]
[ECO "B86"]
[WhiteElo "2422"]
[BlackElo "2430"]
[PlyCount "61"]
[EventDate "2023.??.??"]
[WhiteTeam "Cannes"]
[BlackTeam "Bischwiller"]
[TimeControl "90+30"]

1. e4 {2} c5 {185} 2. Nf3 {8} d6 {10} 3. d4 {8} cxd4 {6} 4. Nxd4 {5} Nf6 {5} 5.
Nc3 {8} a6 {6} 6. Bc4 {8} e6 {86} 7. Be3 {16} Be7 {1822} 8. Qe2 {27} b5 {1072}
9. Bb3 {30} Bb7 {175} 10. O-O-O {98} Nbd7 {249} 11. Bxe6 {640} fxe6 {8} 12.
Nxe6 {5} Qa5 {82} 13. Nxg7+ {64} Kf7 {100} 14. Nf5 {83} b4 {36} 15. Qc4+ {253}
d5 {227} 16. Nxd5 {44} Bxd5 {162} 17. exd5 {52} Rhc8 {27} 18. Qb3 {67} Bc5 {177
} 19. d6+ {89} Kg6 {4} 20. Ne7+ {240} Kg7 {6} 21. Nxc8 {168} Bxe3+ {12} 22.
Qxe3 {30} Rxc8 {45} 23. Kb1 {54} Qf5 {82} 24. Qd3 {263} Qc5 {30} 25. Rhe1 {27}
a5 {142} 26. g4 {135} Ng8 {117} 27. f4 {41} Qc4 {50} 28. Qf5 {59} Qf7 {27} 29.
Re7 {298} Nxe7 {7} 30. Qxd7 {20} Re8 {25} 31. Re1 {36} 1-0

[Event "TOP 12 FEminin 2023 Phase 1"]
[Site "MULHOUSE, France"]
[Date "2023.05.21"]
[Round "5.6"]
[White "JAVAKHISHVILI, Lela"]
[Black "BENDSDORP-DE LABACA, Marlies"]
[Result "0-1"]
[ECO "D28"]
[WhiteElo "2446"]
[BlackElo "2217"]
[PlyCount "75"]
[EventDate "2023.??.??"]
[WhiteTeam "Bischwiller"]
[BlackTeam "Cannes"]
[TimeControl "90+30"]

1. d4 {6} d5 {5} 2. Nf3 {48} Nf6 {10} 3. c4 {23} dxc4 {4} 4. e3 {29} e6 {10} 5.
Bxc4 {15} c5 {19} 6. O-O {40} Nc6 {14} 7. Qe2 {247} a6 {133} 8. Rd1 {59} Qc7 {
128} 9. dxc5 {322} Bxc5 {30} 10. a3 {7} O-O {244} 11. b4 {31} Be7 {6} 12. Bb2 {
25} b5 {26} 13. Bd3 {11} Bb7 {36} 14. Nbd2 {15} Rac8 {84} 15. Rac1 {41} Qb8 {
100} 16. Nb3 {48} Rfd8 {110} 17. Nc5 {179} h6 {380} 18. Nd2 {1044} Bxc5 {2255}
19. Rxc5 {107} Ne7 {79} 20. Nb3 {517} Ned5 {844} 21. Rxc8 {317} Rxc8 {143} 22.
Nc5 {45} Qa8 {47} 23. Bb1 {258} Bc6 {105} 24. e4 {164} Nb6 {276} 25. Bxf6 {382}
gxf6 {7} 26. Qg4+ {25} Kf8 {75} 27. Qf4 {32} Rd8 {96} 28. Nxe6+ {148} fxe6 {21}
29. Qxf6+ {6} Ke8 {8} 30. Qxe6+ {4} Kf8 {4} 31. Qf6+ {11} Ke8 {5} 32. Rxd8+ {14
} Qxd8 {13} 33. Qxc6+ {3} Ke7 {42} 34. Qc5+ {105} Ke8 {25} 35. Qh5+ {17} Ke7 {8
} 36. Qh4+ {15} Ke8 {14} 37. Qxd8+ {23} Kxd8 {6} 38. Bd3 {24} 0-1

[Event "TOP 12 FEminin 2023 Phase 1"]
[Site "MULHOUSE, France"]
[Date "2023.05.21"]
[Round "5.7"]
[White "CHOISY, Mathilde"]
[Black "MAISURADZE, Nino"]
[Result "0-1"]
[ECO "B32"]
[WhiteElo "2109"]
[BlackElo "2275"]
[PlyCount "86"]
[EventDate "2023.??.??"]
[WhiteTeam "Cannes"]
[BlackTeam "Bischwiller"]
[TimeControl "90+30"]

1. e4 {3} c5 {283} 2. Nf3 {6} Nc6 {36} 3. d4 {18} cxd4 {10} 4. Nxd4 {5} e5 {33}
5. Nb5 {22} d6 {3} 6. N1c3 {26} a6 {4} 7. Na3 {5} b5 {3} 8. Nd5 {6} Nge7 {11}
9. Bd3 {68} Nxd5 {19} 10. exd5 {7} Ne7 {22} 11. c4 {44} g6 {22} 12. O-O {200}
Bg7 {6} 13. cxb5 {109} O-O {7} 14. Re1 {170} f5 {659} 15. bxa6 {201} f4 {264}
16. Nb5 {697} Bxa6 {204} 17. a4 {342} Nf5 {128} 18. Ra3 {441} Rf7 {1493} 19.
Bf1 {686} Qb6 {1445} 20. Rc3 {395} Bxb5 {302} 21. Bxb5 {68} Nd4 {8} 22. b4 {
1628} Nxb5 {274} 23. Rc6 {13} Qd4 {250} 24. axb5 {5} Qxb4 {6} 25. b6 {209} Rb7
{125} 26. Bd2 {161} Qb5 {76} 27. Rxd6 {149} Rxb6 {84} 28. Rxb6 {18} Qxb6 {0}
29. Bc3 {272} Qd6 {62} 30. Qb3 {180} Rd8 {208} 31. Rd1 {9} Kf7 {74} 32. h3 {58}
Bf6 {48} 33. Qc4 {109} Kg7 {137} 34. Bb4 {25} Qd7 {26} 35. Kh2 {79} Rc8 {31}
36. Qd3 {35} Qf5 {43} 37. Qa6 {28} Rd8 {99} 38. d6 {17} e4 {16} 39. Qc4 {47} f3
{44} 40. g3 {29} e3 {29} 41. fxe3 {30} Rc8 {28} 42. Qd3 {34} Rc2+ {17} 43. Bd2
{31} Qxd3 {6} 0-1

[Event "TOP 12 FEminin 2023 Phase 1"]
[Site "MULHOUSE, France"]
[Date "2023.05.21"]
[Round "5.8"]
[White "BELLAHCENE, Meriem"]
[Black "NEEL, Laura"]
[Result "1-0"]
[ECO "B24"]
[WhiteElo "1829"]
[BlackElo "1664"]
[PlyCount "53"]
[EventDate "2023.??.??"]
[WhiteTeam "Bischwiller"]
[BlackTeam "Cannes"]
[TimeControl "90+30"]

1. e4 {36} c5 {7} 2. Nc3 {6} Nc6 {7} 3. d3 {12} e6 {33} 4. g3 {8} Nf6 {84} 5.
Bg2 {6} d5 {18} 6. exd5 {285} exd5 {67} 7. Nf3 {761} Bg4 {53} 8. h3 {552} Be6 {
521} 9. Ne2 {947} d4 {1295} 10. Nf4 {271} Bd5 {81} 11. O-O {212} Be7 {11} 12.
Re1 {46} O-O {17} 13. Nxd5 {60} Nxd5 {11} 14. Ne5 {64} Bf6 {547} 15. Ng4 {218}
Bg5 {224} 16. f4 {583} Be7 {29} 17. f5 {92} Re8 {1381} 18. Qf3 {394} Ndb4 {298}
19. Qf2 {69} f6 {94} 20. a3 {56} Na6 {31} 21. h4 {151} Bd6 {55} 22. Bd2 {40}
Qc7 {122} 23. Bd5+ {156} Kh8 {19} 24. Kg2 {18} h5 {383} 25. Nh2 {65} Ne5 {8}
26. Qe2 {149} Ng4 {314} 27. Qxe8+ {17} 1-0

[Event "TOP 12 Feminin 2023 Phase 1"]
[Site "MULHOUSE, France"]
[Date "2023.05.21"]
[Round "5.9"]
[White "MUZYCHUK, Anna"]
[Black "DJIDJELI, Sarah"]
[Result "1-0"]
[ECO "D35"]
[WhiteElo "2504"]
[BlackElo "2028"]
[PlyCount "49"]
[EventDate "2023.??.??"]
[WhiteTeam "Chalons en Champagne"]
[BlackTeam "Lyon"]
[TimeControl "90+30"]

1. d4 {2} d5 {6} 2. c4 {6} e6 {4} 3. Nc3 {12} Nf6 {20} 4. cxd5 {21} exd5 {5} 5.
Bg5 {25} c6 {15} 6. e3 {14} Bd6 {32} 7. Bd3 {62} O-O {37} 8. Nf3 {56} Re8 {540}
9. O-O {62} Bg4 {146} 10. h3 {654} Bh5 {96} 11. Qb3 {33} Bxf3 {365} 12. Qxb7 {
1239} Be4 {1520} 13. Bxe4 {150} dxe4 {4} 14. Bxf6 {181} Qxf6 {685} 15. Qxa8 {
202} Qe7 {5} 16. Rfc1 {1068} Qd7 {421} 17. d5 {32} c5 {166} 18. a4 {91} a6 {211
} 19. a5 {38} Qc7 {137} 20. b4 {192} cxb4 {348} 21. Nxe4 {64} Qd7 {25} 22. Nxd6
{44} Qxd6 {2} 23. Qb7 {28} h5 {67} 24. Rab1 {17} Qd8 {28} 25. Rc7 {39} 1-0

[Event "TOP 12 FEminin 2023 Phase 1"]
[Site "MULHOUSE, France"]
[Date "2023.05.21"]
[Round "5.10"]
[White "ROLLOT, Florence"]
[Black "ALEXIEVA, Silvia"]
[Result "1/2-1/2"]
[ECO "A30"]
[WhiteElo "2027"]
[BlackElo "2204"]
[PlyCount "68"]
[EventDate "2023.??.??"]
[WhiteTeam "Lyon"]
[BlackTeam "Chalons en Champagne"]
[TimeControl "90+30"]

1. Nf3 {2} c5 {15} 2. c4 {8} b6 {19} 3. g3 {32} Bb7 {15} 4. Bg2 {10} g6 {64} 5.
Nc3 {18} Nf6 {47} 6. Rb1 {51} Bg7 {236} 7. a3 {35} O-O {36} 8. O-O {159} Qc8 {
638} 9. d3 {109} d5 {283} 10. cxd5 {217} Nxd5 {183} 11. Bd2 {33} e6 {333} 12.
Qa4 {121} Nc6 {178} 13. Qh4 {385} Qd8 {76} 14. Bg5 {124} f6 {25} 15. Bd2 {180}
Re8 {336} 16. Rfd1 {1373} Rc8 {345} 17. Bh3 {245} Rc7 {209} 18. Nb5 {846} Rd7 {
205} 19. b4 {225} a6 {272} 20. Nc3 {261} Nxc3 {66} 21. Bxc3 {16} Nd4 {4} 22.
Nxd4 {141} cxd4 {5} 23. Bd2 {26} Rc7 {122} 24. Rbc1 {292} Qd5 {260} 25. Qe4 {
226} Qd6 {449} 26. Qf4 {69} e5 {28} 27. Qh4 {20} Ree7 {23} 28. f3 {94} Qd5 {115
} 29. Rxc7 {198} Rxc7 {5} 30. Rc1 {5} Rxc1+ {185} 31. Bxc1 {39} Qc6 {284} 32.
Bh6 {49} Bh8 {56} 33. Qg4 {182} f5 {61} 34. Qh4 Bf6 {88} 1/2-1/2

[Event "TOP 12 Feminin 2023 Phase 1"]
[Site "MULHOUSE, France"]
[Date "2023.05.21"]
[Round "5.11"]
[White "PARTAC, Elena"]
[Black "RILLER, Dounia"]
[Result "1-0"]
[ECO "C24"]
[WhiteElo "2088"]
[BlackElo "1771"]
[PlyCount "43"]
[EventDate "2023.??.??"]
[WhiteTeam "Chalons en Champagne"]
[BlackTeam "Lyon"]
[TimeControl "90+30"]

1. e4 {2} e5 {39} 2. Bc4 {29} Nf6 {35} 3. d3 {6} Bc5 {90} 4. Nf3 {210} d6 {227}
5. h3 {5} Nc6 {328} 6. c3 {203} O-O {117} 7. b4 {259} Bb6 {72} 8. Bg5 {25} Be6
{177} 9. Nbd2 {267} Re8 {490} 10. O-O {327} Qe7 {405} 11. Re1 {826} h6 {1110}
12. Be3 {1024} d5 {242} 13. Bxb6 {777} axb6 {597} 14. exd5 {34} Nxd5 {236} 15.
Bxd5 {366} Bxd5 {58} 16. b5 {2} Na5 {83} 17. Rxe5 {327} Qd7 {172} 18. a4 {576}
Red8 {102} 19. Qe2 {322} Bxf3 {45} 20. Nxf3 {9} Qxd3 {13} 21. Re8+ {17} Kh7 {16
} 22. Qxd3+ {3} 1-0

[Event "TOP 12 Feminin 2023 Phase 1"]
[Site "MULHOUSE, France"]
[Date "2023.05.21"]
[Round "5.12"]
[White "RAJAU, Ines"]
[Black "MORACCHINI, Margaux"]
[Result "0-1"]
[ECO "B25"]
[WhiteElo "1129"]
[BlackElo "1990"]
[PlyCount "78"]
[EventDate "2023.??.??"]
[WhiteTeam "Lyon"]
[BlackTeam "Chalons en Champagne"]
[TimeControl "90+30"]

1. e4 {2} c5 {45} 2. Nc3 {6} d6 {21} 3. d3 {20} Nc6 {52} 4. g3 {11} g6 {17} 5.
Bg2 {10} Bg7 {13} 6. f4 {12} e6 {42} 7. Nf3 {135} Nge7 {35} 8. Qe2 {167} Nd4 {
485} 9. Nxd4 {402} cxd4 {5} 10. Nd1 {26} O-O {72} 11. O-O {111} Nc6 {312} 12.
h3 {526} Bd7 {363} 13. g4 {363} f5 {435} 14. g5 {90} Rc8 {298} 15. h4 {258} Re8
{735} 16. Rf2 {391} b5 {639} 17. Bh1 {35} Qb6 {120} 18. c3 {502} a5 {392} 19.
Rh2 {305} dxc3+ {67} 20. Be3 {152} Nd4 {101} 21. Qf2 {424} c2 {171} 22. Nc3 {5}
b4 {17} 23. Ne2 {171} Nxe2+ {120} 24. Qxe2 {36} Bd4 {110} 25. Kf2 {125} Bxe3+ {
25} 26. Qxe3 {8} Qxe3+ {7} 27. Kxe3 {5} c1=Q+ {9} 28. Rxc1 {3} Rxc1 {6} 29. Bf3
{15} Rec8 {84} 30. exf5 {86} exf5 {91} 31. h5 {18} R8c2 {46} 32. Bd5+ {30} Kg7
{48} 33. h6+ {6} Kf8 {6} 34. Rxc2 {48} Rxc2 {4} 35. Kd4 {24} Be8 {40} 36. Bb3 {
15} Rxb2 {11} 37. Be6 {30} Bf7 {7} 38. Kd5 {25} Bxe6+ {8} 39. Kxe6 {13} Rxa2 {3
} 0-1

[Event "TOP 12 Feminin 2023 Phase 1"]
[Site "MULHOUSE, France"]
[Date "2023.05.21"]
[Round "5.13"]
[White "BATSIASHVILI, Nino"]
[Black "SAVINA, Anastasia"]
[Result "0-1"]
[ECO "E73"]
[WhiteElo "2465"]
[BlackElo "2342"]
[PlyCount "66"]
[EventDate "2023.??.??"]
[WhiteTeam "Juvisy sur Orge"]
[BlackTeam "Vandoeuvre"]
[TimeControl "90+30"]

1. d4 {1} Nf6 {93} 2. c4 {5} g6 {7} 3. Nc3 {4} Bg7 {4} 4. e4 {4} d6 {4} 5. Be2
{3} O-O {28} 6. Be3 {3} c5 {71} 7. d5 {5} e6 {10} 8. Nf3 {7} exd5 {33} 9. cxd5
{5} Nbd7 {72} 10. Nd2 {121} Ne5 {33} 11. h3 {24} Ne8 {39} 12. O-O {772} f5 {15}
13. f4 {8} Nf7 {16} 14. exf5 {383} Bxf5 {32} 15. g4 {52} Bd7 {13} 16. a4 {135}
Nc7 {417} 17. Nc4 {157} Qh4 {1428} 18. Rf3 {67} Rae8 {590} 19. Bf2 {408} Bd4 {
511} 20. Bxd4 {664} cxd4 {5} 21. Qxd4 {2} Bxg4 {1196} 22. hxg4 {18} Qxg4+ {6}
23. Kf2 {5} Ng5 {183} 24. Ne3 {879} Qh4+ {367} 25. Kg2 {6} Nxf3 {22} 26. Kxf3 {
19} g5 {401} 27. Ng4 {608} Rxf4+ {124} 28. Qxf4 {1} gxf4 {7} 29. Rg1 {24} Kh8 {
264} 30. Kxf4 {381} h5 {73} 31. Bf3 {28} Rf8+ {59} 32. Ke4 {3} Qe7+ {38} 33.
Kd4 {16} Rxf3 {30} 0-1

[Event "TOP 12 Feminin 2023 Phase 1"]
[Site "MULHOUSE, France"]
[Date "2023.05.21"]
[Round "5.14"]
[White "BEREND, Elvira"]
[Black "AFRAOUI, Anaelle"]
[Result "1-0"]
[ECO "A05"]
[WhiteElo "2255"]
[BlackElo "2118"]
[PlyCount "71"]
[EventDate "2023.??.??"]
[WhiteTeam "vandoeuvre"]
[BlackTeam "Juvisy sur Orge"]
[TimeControl "90+30"]

1. Nf3 {4} Nf6 {13} 2. g3 {19} g6 {21} 3. b3 {8} Bg7 {56} 4. Bb2 {6} O-O {177}
5. Bg2 {55} d5 {41} 6. c4 {150} dxc4 {207} 7. bxc4 {13} c5 {4} 8. O-O {29} Nc6
{44} 9. d3 {18} Re8 {375} 10. Ne5 {1171} Qb6 {270} 11. Bc3 {25} Nd4 {405} 12.
e3 {47} Nf5 {28} 13. Nd2 {248} Qd6 {156} 14. Qb3 {313} Rb8 {463} 15. Ndf3 {82}
Nd7 {203} 16. Nxd7 {298} Bxd7 {52} 17. Bxg7 {49} Kxg7 {99} 18. d4 {311} cxd4 {
746} 19. exd4 {106} b6 {283} 20. Rfd1 {70} Kg8 {278} 21. Rac1 {193} Bc6 {310}
22. d5 {71} Bd7 {116} 23. Ng5 {27} Qc7 {157} 24. Qf3 {185} Nd6 {45} 25. Qf4 {16
} Rbc8 {226} 26. Qh4 {126} h5 {82} 27. Qf4 {21} Bf5 {171} 28. h3 {253} Nxc4 {
144} 29. d6 {14} Qxd6 {790} 30. Rxd6 {41} Nxd6 {5} 31. Rxc8 {323} Rxc8 {99} 32.
Bd5 {110} Rf8 {208} 33. g4 {20} hxg4 {11} 34. hxg4 {4} Bd7 {43} 35. Qh2 {10}
Kg7 {9} 36. Qe5+ {33} 1-0

[Event "TOP 12 Feminin 2023 Phase 1"]
[Site "MULHOUSE, France"]
[Date "2023.05.21"]
[Round "5.15"]
[White "AUVRAY, Honorine"]
[Black "THOMAS, Anisya"]
[Result "0-1"]
[ECO "A36"]
[WhiteElo "2028"]
[BlackElo "2147"]
[PlyCount "114"]
[EventDate "2023.??.??"]
[WhiteTeam "Juvisy sur Orge"]
[BlackTeam "Vandoeuvre"]
[TimeControl "90+30"]

1. c4 {16} g6 {18} 2. Nc3 {18} c5 {15} 3. g3 {14} Bg7 {13} 4. Bg2 {18} Nc6 {19}
5. e3 {41} e5 {19} 6. d3 {21} Nge7 {13} 7. Nf3 {30} O-O {160} 8. O-O {37} d6 {
108} 9. a3 {148} h6 {139} 10. Nd2 {15} Be6 {78} 11. Nd5 {18} Qd7 {511} 12. Re1
{114} Rab8 {318} 13. Rb1 {288} b5 {436} 14. b3 {138} a6 {304} 15. Bb2 {53} Bh3
{916} 16. Bh1 {36} Nxd5 {6} 17. cxd5 {37} Ne7 {8} 18. Qc2 {569} Rbc8 {245} 19.
a4 {330} Qb7 {426} 20. e4 {193} f5 {314} 21. axb5 {364} axb5 {9} 22. Bg2 {175}
Bxg2 {35} 23. Kxg2 {5} Rf7 {394} 24. Rf1 {443} f4 {115} 25. f3 {775} h5 {27}
26. Ra1 {89} g5 {252} 27. Qd1 {97} Ng6 {236} 28. g4 {345} Nh4+ {21} 29. Kh1 {21
} hxg4 {586} 30. fxg4 {110} f3 {166} 31. Rf2 {897} Rcf8 {9} 32. Nf1 {37} Ng2 {
106} 33. Bc1 {76} Qd7 {113} 34. h3 {56} Qe7 {238} 35. Ng3 {48} Nh4 {6} 36. Qg1
{288} Qf6 {36} 37. Nf5 {26} Rc8 {26} 38. Ra6 {24} Bf8 {26} 39. Qg3 {172} c4 {16
} 40. bxc4 {46} bxc4 {4} 41. Bxg5 {306} Qxg5 {9} 42. Nxh4 {17} cxd3 {22} 43.
Raa2 {36} Qc1+ {59} 44. Kh2 {39} Bh6 {80} 45. g5 {39} Qxg5 {44} 46. Nxf3 {78}
Qxg3+ {16} 47. Kxg3 {5} Bf4+ {51} 48. Kh4 {12} Rh7+ {37} 49. Kg4 {9} Rg7+ {44}
50. Kf5 {51} Rf8+ {22} 51. Ke6 {10} Be3 {38} 52. Rf1 {15} Rgf7 {42} 53. Rg2+ {4
} Kh8 {18} 54. Rg3 {48} Bc5 {34} 55. Rg5 {66} Rxf3 {26} 56. Rh5+ {34} Kg7 {5}
57. Rb1 {50} R8f7 {77} 0-1

[Event "TOP 12 Feminin 2023 Phase 1"]
[Site "MULHOUSE, France"]
[Date "2023.05.21"]
[Round "5.16"]
[White "STOLL, Lucia"]
[Black "SALVADOR, Lucie"]
[Result "0-1"]
[ECO "B01"]
[WhiteElo "1948"]
[BlackElo "1989"]
[PlyCount "136"]
[EventDate "2023.??.??"]
[WhiteTeam "Vandoeuvre"]
[BlackTeam "Juvisy sur Orge"]
[TimeControl "90+30"]

1. e4 {1} d5 {4} 2. exd5 {29} Nf6 {5} 3. Bb5+ {8} Bd7 {74} 4. Bc4 {17} c6 {276}
5. dxc6 {36} Nxc6 {20} 6. d4 {157} Rc8 {453} 7. Ne2 {264} e5 {505} 8. dxe5 {274
} Nxe5 {5} 9. Bb3 {28} Bc5 {171} 10. h3 {190} Qb6 {559} 11. O-O {165} Rd8 {182}
12. Qe1 {341} O-O {372} 13. Nf4 {318} Rfe8 {142} 14. Be3 {170} Bb5 {235} 15.
Bxc5 {1052} Qxc5 {8} 16. Qc3 {47} Qxc3 {90} 17. Nxc3 {3} Bxf1 {9} 18. Kxf1 {7}
Nc6 {208} 19. Nd3 {232} Re7 {219} 20. Ne2 {223} Ne4 {195} 21. f3 {159} Nd2+ {67
} 22. Kf2 {5} Nxb3 {6} 23. axb3 {3} Rde8 {155} 24. Ng3 {409} a6 {56} 25. Ra4 {
166} f6 {319} 26. Nc5 {207} Rd8 {422} 27. Nce4 {66} Nd4 {116} 28. Rc4 {48} f5 {
192} 29. Nc5 {275} g6 {84} 30. Nd3 {150} Nxc2 {153} 31. Rxc2 {351} Rxd3 {65}
32. h4 {0} Rxb3 {138} 33. h5 {19} Re6 {45} 34. h6 {123} Kf7 {100} 35. Ne2 {34}
Rb4 {65} 36. f4 {72} Rc6 {47} 37. Rd2 {18} Ke7 {43} 38. g3 {66} Rcb6 {153} 39.
Rd3 {229} Rxb2 {44} 40. Kf3 {13} Re6 {116} 41. Nc3 {30} Rh2 {70} 42. Nd5+ {20}
Kf7 {14} 43. Rb3 {54} b5 {37} 44. Ne3 {111} Rxh6 {49} 45. Rc3 {23} Rh1 {37} 46.
Nd5 {47} Rf1+ {93} 47. Kg2 {9} Rfe1 {9} 48. Rc7+ {41} Re7 {16} 49. Rc6 {20} Ra7
{32} 50. Rf6+ {73} Kg7 {8} 51. Rb6 {27} Rb1 {27} 52. Nc3 {67} Rb3 {48} 53. Ne2
{29} a5 {19} 54. Nd4 {10} Rb2+ {8} 55. Kf3 {6} b4 {75} 56. Nc6 {37} Rd7 {26}
57. Ke3 {36} Rb3+ {40} 58. Ke2 {8} Ra3 {17} 59. Ra6 {30} b3 {55} 60. Ne5 {28}
Rb7 {32} 61. Nc4 {31} Ra2+ {26} 62. Kd3 {20} b2 {33} 63. Nxb2 {5} Raxb2 {16}
64. Rxa5 {8} R2b3+ {14} 65. Kd4 {23} Rxg3 {11} 66. Ke5 {19} Rgb3 {36} 67. Kd6 {
24} R3b4 {16} 68. Kc6 {11} Rf7 {13} 0-1

[Event "TOP 12 Feminin 2023 Phase 1"]
[Site "MULHOUSE, France"]
[Date "2023.05.21"]
[Round "5.17"]
[White "MUZYCHUK, Marya"]
[Black "MILLIET, Sophie"]
[Result "1-0"]
[ECO "C78"]
[WhiteElo "2515"]
[BlackElo "2385"]
[Annotator ",jmourgues41@gmail.co"]
[PlyCount "85"]
[EventDate "2023.??.??"]
[TimeControl "90+30"]

1. e4 {2} e5 {110} 2. Nf3 {8} Nc6 {4} 3. Bb5 {36} a6 {7} 4. Ba4 {4} Nf6 {4} 5.
O-O {34} b5 {5} 6. Bb3 {4} Bc5 {4} 7. c3 {17} d6 {5} 8. a4 {11} Rb8 {5} 9. d4 {
61} Bb6 {4} 10. axb5 {43} axb5 {5} 11. Qd3 {7} O-O {14} 12. Bg5 {125} h6 {222}
13. Bxf6 {189} Qxf6 {5} 14. Qxb5 {34} Na7 {66} 15. Qc4 {52} exd4 {460} 16. cxd4
{7} Be6 {64} 17. d5 {21} Bd7 {30} 18. Qc3 {43} Qxc3 {648} 19. bxc3 {53} Bc5 {
637} 20. Nbd2 {149} Nb5 {170} 21. Ba4 {457} Bg4 {285} 22. Rfc1 {402} Bxf3 {564}
23. gxf3 {69} f5 {594} 24. exf5 {2173} Na3 {99} 25. Bd7 {51} Rb2 {39} 26. Ne4 {
82} Nc4 {17} 27. Nxc5 {503} dxc5 {2} 28. Ra7 {122} Ne5 {1064} 29. Be6+ {32} Kh7
{5} 30. Kg2 {101} Nd3 {14} 31. Rf1 {37} Nf4+ {13} 32. Kg3 {66} Ne2+ {14} 33.
Kh3 {24} Nxc3 {119} 34. Rxc7 {4} Ne2 {15} 35. d6 {403} Rfb8 {504} 36. Re1 {426}
R8b4 {379} 37. Rxe2 {152} Rxe2 {4} 38. d7 {12} Rd4 {207} 39. Rc8 {14} h5 {20}
40. d8=Q {17} Rxd8 {4} 41. Rxd8 {3} Rxf2 {5} 42. Kg3 {16} Rc2 {6} 43. h4 {41}
1-0